 Dungeon Crawl Stone Soup version 0.31-a0-229-g1fc7ce93e2 (webtiles) character file.

Game seed: 15334559169424807681

149873 Newt the Crack Shot (level 18, -1/104 HPs)
             Began as a Kobold Hunter on July 6, 2023.
             Was the Champion of Hepliaklqana.
             Killed from afar by a deep elf knight (16 damage)
             ... with a lance of force
             ... on level 2 of the Elven Halls.
             The game lasted 00:34:35 (23397 turns).

Newt the Crack Shot (Kobold Hunter)                Turns: 23397, Time: 00:34:36

Health: -1/104     AC: 13    Str:  8    XL:     18   Next: 14%
Magic:  12/24      EV: 38    Int: 10    God:    Hepliaklqana [******]
Gold:   1392       SH:  5    Dex: 33    Spells: 17/17 levels left

rFire   . . .        K - +8 triple crossbow "Rawniwobell" {penet, rPois rN+}
rCold   . . .        (shield currently unavailable)
rNeg    + . .        w - +0 troll leather armour
rPois   +            (no helmet)
rElec   .            v - +2 cloak {Will+}
rCorr   +            (no gloves)
SInv    .            T - +3 pair of boots of the Modern Lives {-Cast Will- rCorr Dex+6}
Will    ++...        d - amulet "Bemin" {Reflect Will+ Slay-2 SH+5 Stlth+}
Stlth   +++++++++    s - ring of resist corrosion
HPRegen 1.17/turn    o - +5 ring of evasion
MPRegen 0.19/turn

%: no spellcasting, reflection
@: about to teleport
A: reduced essence, small, no large weapons, nightstalker 3, mutation resistance
1, sturdy frame 1
a: Renounce Religion, Recall Ancestor, Ancestor Identity, Transference, Idealise


You were on level 2 of the Elven Halls.
You worshipped Hepliaklqana.
Hepliaklqana was exalted by your worship.
You visited 5 branches of the dungeon, and saw 25 of its levels.
You also visited: Sewer and Gauntlet.

You collected 3282 gold pieces.
You spent 1890 gold pieces at shops.

Inventory:

Hand Weapons
 a - a +0 shortbow of draining
 K - the +8 triple crossbow "Rawniwobell" (weapon) {penet, rPois rN+}
   (You bought it in a shop on level 1 of the Dungeon)

   rPois:     It protects you from poison.
   rN:        It protects you from negative energy.
Missiles
 R - 2 throwing nets
Armour
 f - a +1 helmet
 v - a +2 cloak of willpower (worn)
 w - a +0 troll leather armour (worn)
 y - a +1 cloak
 E - a +4 chain mail of cold resistance
 H - +0 fire dragon scales
 J - a +2 pair of boots of flying
 T - the +3 pair of boots of the Modern Lives (worn) {-Cast Will- rCorr Dex+6}
   (You found it on level 2 of the Lair of Beasts)

   Dex:       It affects your dexterity (+6).
   -Cast:     It prevents spellcasting.
   rCorr:     It protects you from acid and corrosion.
   Will:      It decreases your willpower.
Jewellery
 c - the amulet "Joqozi" {Faith Fly Str+4 Dex+3}
   (You took it off a minotaur in a Gauntlet)

   [amulet of faith]

   It allows you to gain divine favour quickly.
   Str:       It affects your strength (+4).
   Dex:       It affects your dexterity (+3).
   Fly:       It grants you flight.
 d - the amulet "Bemin" (around neck) {Reflect Will+ Slay-2 SH+5 Stlth+}
   (You acquired it on level 2 of the Orcish Mines)

   [amulet of reflection]

   It reflects blocked missile attacks.
   Slay:      It affects your accuracy & damage with ranged weapons and melee
   (-2).
   SH:        It affects your SH (+5).
   Will:      It increases your willpower.
   Stlth:     It makes you more stealthy.
 e - an amulet of guardian spirit
 i - a ring of flight
 o - a +5 ring of evasion (right hand)
 p - a ring of ice
 r - a ring of ice
 s - a ring of resist corrosion (left hand)
Wands
 x - a wand of charming (31)
 F - a wand of flame (46)
 G - a wand of light (6)
 I - a wand of mindburst (19)
 Q - a wand of roots (12)
 W - a wand of polymorph (12)
Scrolls
 j - 10 scrolls of identify
 q - 4 scrolls of poison
 D - 8 scrolls of teleportation
 L - a scroll of fog
 M - a scroll of fear
 N - 6 scrolls of blinking
 U - 2 scrolls of enchant armour
 X - 2 scrolls of amnesia
 Z - a scroll of revelation
Potions
 g - 5 potions of lignification
 h - 6 potions of haste
 k - 3 potions of berserk rage
 l - a potion of ambrosia
 m - 3 potions of resistance
 n - 4 potions of heal wounds
 t - a potion of invisibility
 u - 9 potions of curing
 z - 2 potions of enlightenment
 A - 3 potions of magic
 B - 3 potions of might
 C - 6 potions of brilliance
 O - 2 potions of mutation
 P - 4 potions of cancellation
 S - a potion of degeneration
Miscellaneous
 b - a sack of spiders
 V - a lightning rod (4/4)
 Y - a phantom mirror


   Skills:
 - Level 14.0 Fighting
 + Level 23.4 Ranged Weapons
 - Level 8.0 Armour
 - Level 14.0 Dodging
 - Level 14.0 Stealth
 - Level 8.0 Invocations
 - Level 14.0 Evocations


You had 17 spell levels left.
You didn't know any spells.
Your spell library contained the following spells:

 Spells                   Type           Power      Damage    Failure   Level
 Magic Dart               Conj           0%         1d3       38%         1
 Necrotise                Necr           0%         1d4       38%         1
 Shock                    Conj/Air       0%         1d3       38%         1
 Sting                    Tmut/Pois      0%         1d3       38%         1
 Blink                    Tloc           0%         N/A       52%         2
 Call Imp                 Summ           0%         N/A       52%         2
 Ensorcelled Hibernation  Hex/Ice        0%         N/A       52%         2
 Poisonous Vapours        Pois/Air       0%         N/A       52%         2
 Searing Ray              Conj           0%         2d4       52%         2
 Sublimation of Blood     Necr           0%         N/A       52%         2
 Wereblood                Tmut           0%         N/A       52%         2
 Gell's Gravitas          Tloc           0%         N/A       77%         3
 Ignite Poison            Fire/Tmut/Pois 0%         N/A       77%         3
 Inner Flame              Hex/Fire       0%         N/A       77%         3
 Mephitic Cloud           Conj/Pois/Air  0%         N/A       77%         3
 Spider Form              Tmut/Pois      0%         N/A       77%         3
 Swiftness                Air            0%         N/A       77%         3
 Teleport Other           Tloc           0%         N/A       77%         3
 Vampiric Draining        Necr           0%         2d6       77%         3
 Airstrike                Air            0%         2d(0-16)  99%         4
 Anguish                  Hex/Necr       0%         N/A       99%         4
 Flame Wave               Conj/Fire      0%         2d4       99%         4
 Fulminant Prism          Conj/Hex       0%         3d5       99%         4
 Olgreb's Toxic Radiance  Pois           0%         N/A       99%         4
 Petrify                  Tmut/Erth      0%         N/A       99%         4
 Sticky Flame             Conj/Fire      0%         2d3       99%         4
 Agony                    Necr           0%         N/A       100%        5
 Freezing Cloud           Conj/Ice/Air   0%         6-21      100%        5
 Metabolic Englaciation   Hex/Ice        0%         N/A       100%        5
 Statue Form              Tmut/Erth      0%         N/A       100%        6
 Monstrous Menagerie      Summ           0%         N/A       100%        7
 Summon Hydra             Summ           0%         N/A       100%        7
 Ignition                 Fire           0%         3d3       100%        8


Dungeon Overview and Level Annotations

Branches:
Dungeon (15/15)            Temple (1/1) D:5            Lair (5/5) D:9
  Swamp (0/4) Lair:3       Spider (0/4) Lair:3        Slime (0/5) Lair:5
    Orc (2/2) D:10            Elf (2/3) Orc:2        Vaults (0/5) D:14
 Depths (0/4) D:15          Sewer (visited)         Gauntlet (visited)

Altars:
Ashenzari
Cheibriados
Dithmenos
Elyvilon
Fedhas
Gozag
Hepliaklqana
Kikubaaqudgha
Makhleb
Nemelex Xobeh
Okawaru
Qazlal
Ru
Sif Muna
Trog
Uskayaw
Vehumet
Wu Jian
Xom
Yredelemnul
Zin
The Shining One

Shops:
D:1 (   D:10 *   Orc:2 *=(:(   Elf:2 :

Annotations:
D:5 2 transporters, epsilonplus's ghost, novice DrTm


Innate Abilities, Weirdness & Mutations

Your life essence is reduced to manifest your ancestor. (-10% HP)
You are small and have problems with some larger weapons.
You are completely attuned to the shadows.
You are somewhat resistant to further mutation.
Your movements are slightly less encumbered by armour. (ER -2)


Message History

The deep elf blademaster hits you with a +0 short sword!
You block the fire elemental's attack.
You block the deep elf blademaster's attack.
The deep elf blademaster hits you with a +0 short sword!
The fire elemental completely misses you.
The +2 halberd of venom is engulfed in blazing flames.
Unknown command.
Unknown command.
As you read the scroll of teleportation, it crumbles to dust.
You feel strangely unstable.
The deep elf blademaster completely misses you.
The deep elf blademaster hits you with a +0 short sword!
The +4 halberd of protection misses you.
The fire elemental completely misses you.
Something hits you!
The deep elf blademaster hits you but does no damage.
You block the deep elf blademaster's attack.
The +4 halberd of protection barely misses you.
Fire: K) +8 triple crossbow "Rawniwobell" {penet, rPois rN+}
Press: ? - help, Shift-Dir - straight line, f - deep elf blademaster, p - fire elemental
Aim: a deep elf blademaster, wielding two +0 short swords and wearing a +0 leather armour (moderately wounded, 52% to hit)
You shoot a bolt.
The bolt completely misses the deep elf blademaster.
The fire elemental hits you. The fire elemental burns you!
The deep elf blademaster completely misses you.
The deep elf blademaster hits you but does no damage.
You hear some strange, mumbled words.
A lance of force appears from out of thin air!
The lance of force misses you.
The lance of force hits the fire elemental!!
The fire elemental is knocked back by the lance of force.
The +0 antimagic double sword hits you!!
* * * LOW HITPOINT WARNING * * *
You feel your power leaking away.
The +2 heavy battleaxe is engulfed in blazing flames.
The +4 halberd of protection misses you.
You hear some strange, mumbled words.
A lance of force appears from out of thin air!
The lance of force hits you!
You die...

#...#....
#..#.....
#.#......
#######
##........
#.....#
#........
##.....##
##........
#.......#
#.#.......
#.......#
#..#{.....
#.......#
#...#@(...
##)....##
##..e#E...
##'.....#
##((☼#E.#
#.##'####
##°..##)
.###.#
#).e# ##
#.#
#.○.#(. #
#.#
#..)#.(.
#.#
#...#....
# #.# #..#
. .)


You could see a deep elf blademaster, 2 fire elementals and 3 dancing weapons.

Vanquished Creatures
  A stone giant (D:15)
  Azrael (D:12)
  A minotaur (Gauntlet)
  Snorg (D:12)
  An entropy weaver (Gauntlet)
  A catoblepas (Lair:3)
  Fannar (D:11)
  An ogre mage (D:11)
  A vault guard (D:14)
  5 two-headed ogres
  4 hydras
  5 centaur warriors
  4 boulder beetles
  Erica (D:8)
  8 death yaks
  16 dancing weapons
  2 tengu warriors (D:15)
  An orc high priest (Orc:2)
  18 deep elf knights
  Urug (Lair:1)
  Sonja (D:12)
  2 skysharks
  A goliath frog (shapeshifter) (D:15)
  A skeletal warrior (D:15)
  An orb spider (Lair:3)
  An obsidian statue (Gauntlet)
  7 deep elf archers
  Pikel (D:8)
  An orc knight (Orc:2)
  3 wizards
  23 deep elf zephyrmancers
  17 deep elf pyromancers
  A necromancer (D:14)
  12 ugly things
  3 manticores
  A worldbinder (Gauntlet)
  2 cyclopes
  7 elephants
  7 black mambas
  Maurice (D:12)
  20 cane toads
  A torpor snail (Lair:4)
  4 gargoyles
  An unseen horror (D:11)
  Psyche (D:11)
  6 rime drakes
  A minotaur zombie (Gauntlet)
  10 komodo dragons
  A rime drake (shapeshifter) (Elf:1)
  An efreet (D:13)
  A yaktaur (D:14)
  A tengu conjurer (D:13)
  A troll (shapeshifter) (D:14)
  A queen bee (D:11)
  7 polar bears
  8 meliai
  6 trolls
  3 hornets
  Prince Ribbit (D:8)
  4 dream sheep (Lair:5)
  A shadow (D:10)
  3 water elementals
  49 yaks
  2 jumping spiders (Gauntlet)
  2 vampires
  2 air elementals
  13 wyverns
  A spriggan (shapeshifter) (D:12)
  Eustachio (D:4)
  3 wraiths
  4 fire elementals
  4 hogs (Elf:1)
  2 unseen horror simulacra (D:9)
  11 humans (D:14)
  5 basilisks
  3 redbacks (Lair:5)
  Grum (D:11)
  A warg (Orc:2)
  7 vampire mosquitoes
  A hell hound (D:12)
  3 acid dragons
  16 water moccasins
  25 orc warriors
  4 black bears
  4 ice beasts
  24 wolves
  4 boggarts
  2 ogres (Orc:2)
  13 centaurs
  A phantom (D:5)
  3 kobold brigands
  An earth elemental (Elf:1)
  14 bullfrogs
  A scorpion (D:5)
  A gnoll sergeant (D:8)
  18 killer bees (D:11)
  3 howler monkeys
  3 electric eels
  3 orc priests
  A jelly (D:6)
  Crazy Yiuf (D:5)
  5 hounds
  A sleepcap (D:8)
  4 iguanas
  16 orc wizards
  6 hell rats (Lair:2)
  A centaur simulacrum (D:9)
  10 gnolls
  8 adders
  6 river rats
  5 shadow imps
  6 white imps
  A howler monkey simulacrum (D:9)
  6 ufetubi
  3 worms
  5 dart slugs
  47 orcs
  5 ball pythons
  5 bats (D:1)
  3 bat zombies (D:7)
  5 endoplasms
  3 giant cockroaches
  5 goblins
  6 hobgoblins
  7 jackals
  16 kobolds
  6 quokkas
  10 frilled lizards
  14 rats
  2 rat zombies (D:7)
724 creatures vanquished.

Vanquished Creatures (collateral kills)
  Kirke (Elf:1)
  A dire elephant (Gauntlet)
  A deep elf annihilator (Elf:1)
  2 deep elf death magi (Elf:1)
  A fire dragon (D:15)
  Erolcha (D:11)
  A hydra (Lair:4)
  A catoblepas (Lair:5)
  2 dancing weapons (Elf:2)
  A death knight (D:15)
  2 deep elf archers
  A deep elf pyromancer (Elf:2)
  3 deep elf zephyrmancers
  An orc sorcerer (Elf:2)
  5 ugly things
  A cane toad (Lair:5)
  A komodo dragon (Lair:2)
  A yaktaur (D:14)
  2 freezing wraiths (D:15)
  An ice devil (Gauntlet)
  2 trolls
  3 meliai
  A polar bear (Lair:2)
  A dream sheep (Lair:5)
  8 yaks
  2 hogs (Elf:1)
  An unseen horror simulacrum (D:9)
  A human (shapeshifter) (D:14)
  8 humans (D:14)
  A basilisk (Lair:2)
  3 vampire mosquitoes
  5 water moccasins
  3 orc warriors (Orc:2)
  3 wolves
  4 centaurs
  2 bullfrogs
  3 killer bees (D:11)
  3 electric eels
  A howler monkey (D:11)
  2 orc priests
  2 orc wizards
  A centaur simulacrum (D:9)
  A gnoll (D:8)
  A river rat (Lair:2)
  A white imp (Gauntlet)
  7 orcs
  3 kobolds (D:11)
103 creatures vanquished.

Vanquished Creatures (others)
  A deep elf knight (Elf:2)
  A human (Elf:1)
  11 knights
13 creatures vanquished.

Grand Total: 840 creatures vanquished

Notes
Turn   | Place    | Note
-------+----------+-------------------------------------------
     0 | D:1      | Newt the Kobold Hunter began the quest for the Orb.
     0 | D:1      | Reached XP level 1. HP: 12/12 MP: 1/1
    34 | D:1      | Reached XP level 2. HP: 6/18 MP: 2/2
   101 | D:1      | Found Kecki's Antique Weapon Emporium.
   189 | D:1      | Reached XP level 3. HP: 23/23 MP: 3/3
   889 | D:2      | Reached XP level 4. HP: 30/30 MP: 4/4
   934 | D:2      | Reached skill level 5 in Fighting
  1100 | D:2      | Reached XP level 5. HP: 33/35 MP: 5/5
  1507 | D:3      | Reached skill level 6 in Ranged Weapons
  1622 | D:3      | Found a broken altar of Ashenzari.
  1670 | D:3      | Found a burning altar of Makhleb.
  2141 | D:3      | Found a bloodstained altar of Trog.
  2657 | D:4      | Reached skill level 7 in Ranged Weapons
  2687 | D:4      | Reached XP level 6. HP: 40/40 MP: 6/6
  2689 | D:4      | Found a shimmering altar of Xom.
  2712 | D:4      | Noticed Eustachio
  2739 | D:4      | Killed Eustachio
  2740 | D:4      | Reached skill level 8 in Ranged Weapons
  2787 | D:4      | Gained mutation: You have hidden genetic defects. [potion
                  | of mutation]
  2787 | D:4      | Gained mutation: Your flesh is heat resistant. (rF+)
                  | [potion of mutation]
  2787 | D:4      | Gained mutation: You are robust. (+10% HP) [potion of
                  | mutation]
  2788 | D:4      | Lost mutation: Your flesh is heat resistant. (rF+) [potion
                  | of mutation]
  2788 | D:4      | Lost mutation: You are robust. (+10% HP) [potion of
                  | mutation]
  2788 | D:4      | Lost mutation: You have hidden genetic defects. [potion of
                  | mutation]
  2788 | D:4      | Gained mutation: You passively map a small area around you.
                  | [potion of mutation]
  2788 | D:4      | Gained mutation: You are partially covered in iridescent
                  | scales. (AC +2) [potion of mutation]
  2857 | D:4      | Found a shadowy altar of Dithmenos.
  2898 | D:4      | Found a glowing drain.
  2915 | Sewer    | Entered a sewer
  2961 | Sewer    | Reached XP level 7. HP: 44/44 MP: 7/7
  3228 | D:4      | Identified a scroll of acquirement
  3228 | D:4      | Acquired the amulet "Qetag" {rPois Regen+ rCorr}
  3386 | D:4      | Found a sacrificial altar of Ru.
  3413 | D:4      | Lost mutation: You are partially covered in iridescent
                  | scales. (AC +2) [potion of mutation]
  3413 | D:4      | Lost mutation: You passively map a small area around you.
                  | [potion of mutation]
  3413 | D:4      | Gained mutation: Your system is resistant to poisons.
                  | (rPois) [potion of mutation]
  3413 | D:4      | Gained mutation: You have supernaturally acute eyesight.
                  | (SInv) [potion of mutation]
  3559 | D:4      | Reached skill level 9 in Ranged Weapons
  4012 | D:5      | Entered Level 5 of the Dungeon
  4179 | D:5      | Reached skill level 10 in Ranged Weapons
  4194 | D:5      | Reached XP level 8. HP: 49/49 MP: 8/8
  4219 | D:5      | Found a staircase to the Ecumenical Temple.
  4240 | D:5      | Found a transporter.
  4271 | Temple   | Entered the Ecumenical Temple
  4349 | D:5      | Reached skill level 5 in Dodging
  4456 | D:5      | Found a transporter.
  4456 | D:5      | Noticed epsilonplus's ghost (novice DrTm)
  4722 | D:5      | Found a runed translucent door.
  4725 | D:5      | Noticed Crazy Yiuf
  4730 | D:5      | Killed Crazy Yiuf
  4855 | D:6      | Found a hazy altar of Hepliaklqana.
  4905 | D:6      | Became a worshipper of Hepliaklqana the Forgotten
  5057 | D:6      | Reached skill level 11 in Ranged Weapons
  5336 | D:6      | Found a stormy altar of Qazlal.
  5510 | D:6      | Reached skill level 12 in Ranged Weapons
  5510 | D:6      | Reached XP level 9. HP: 54/54 MP: 9/9
  5920 | D:7      | Reached skill level 13 in Ranged Weapons
  5957 | D:7      | Found a sparkling altar of Nemelex Xobeh.
  6073 | D:7      | Reached * piety under Hepliaklqana
  6321 | D:7      | Found an ancient bone altar of Kikubaaqudgha.
  6684 | D:1      | Bought a shimmering triple crossbow for 450 gold pieces
  6684 | D:1      | Identified the +8 triple crossbow "Rawniwobell" {penet,
                  | rPois rN+} (You bought it in a shop on level 1 of the
                  | Dungeon)
  6825 | D:8      | Reached skill level 14 in Ranged Weapons
  6901 | D:8      | Noticed a two-headed ogre
  6904 | D:8      | Killed a two-headed ogre
  6919 | D:8      | Found a hide-covered altar of Uskayaw.
  6936 | D:8      | Reached XP level 10. HP: 57/57 MP: 10/10
  7062 | D:8      | Found a blossoming altar of Fedhas.
  7087 | D:8      | Noticed Prince Ribbit
  7093 | D:8      | Killed Prince Ribbit
  7172 | D:8      | Noticed Pikel
  7178 | D:8      | Killed Pikel
  7179 | D:8      | Reached skill level 15 in Ranged Weapons
  7196 | D:8      | Found a white marble altar of Elyvilon.
  7473 | D:8      | Noticed Erica
  7477 | D:8      | Killed Erica
  7478 | D:8      | Reached skill level 16 in Ranged Weapons
  7610 | D:8      | Reached ** piety under Hepliaklqana
  7611 | D:8      | Remembered your ancestor Ku-aya as a knight
  7656 | D:9      | Acquired 1035 gold pieces
  7711 | D:9      | Noticed a two-headed ogre
  7714 | D:9      | Killed a two-headed ogre
  7745 | D:9      | Found a staircase to the Lair.
  7834 | D:9      | Reached XP level 11. HP: 61/61 MP: 11/11
  7968 | D:9      | Reached skill level 10 in Dodging
  8103 | D:9      | Reached skill level 5 in Stealth
  8148 | D:9      | Reached skill level 1 in Evocations
  8162 | D:9      | Found a glowing silver altar of Zin.
  8258 | Lair:1   | Entered Level 1 of the Lair of Beasts
  8303 | Lair:1   | Lost mutation: You have supernaturally acute eyesight.
                  | (SInv) [potion of mutation]
  8303 | Lair:1   | Lost mutation: Your system is resistant to poisons. (rPois)
                  | [potion of mutation]
  8303 | Lair:1   | Gained mutation: You are covered in fur. (AC +1) [potion of
                  | mutation]
  8303 | Lair:1   | Gained mutation: You possess an exceptional clarity of
                  | mind. [potion of mutation]
  8378 | Lair:1   | Noticed Urug
  8381 | Lair:1   | Killed Urug
  8382 | Lair:1   | Reached skill level 5 in Evocations
  8607 | Lair:1   | Reached XP level 12. HP: 65/65 MP: 12/12
  8993 | Lair:2   | Reached skill level 10 in Evocations
  9106 | Lair:2   | Reached *** piety under Hepliaklqana
  9129 | Lair:2   | Got the Textbook on Familiar Direction
  9240 | Lair:2   | Noticed a death yak
  9242 | Lair:2   | Noticed a death yak
  9242 | Lair:2   | Noticed a death yak
  9243 | Lair:2   | Noticed a death yak
  9245 | Lair:2   | Killed a death yak
  9247 | Lair:2   | Killed a death yak
  9248 | Lair:2   | Reached skill level 17 in Ranged Weapons
  9248 | Lair:2   | Killed a death yak
  9252 | Lair:2   | Killed a death yak
  9432 | Lair:2   | Reached skill level 18 in Ranged Weapons
  9585 | Lair:2   | Identified the +3 pair of boots of the Modern Lives {-Cast
                  | Will- rCorr Dex+6}
  9685 | Lair:2   | Noticed a six-headed hydra
  9686 | Lair:2   | Noticed a six-headed hydra
  9694 | Lair:2   | Killed a six-headed hydra
  9695 | Lair:2   | Killed a six-headed hydra
  9732 | Lair:2   | Reached skill level 19 in Ranged Weapons
  9732 | Lair:2   | Reached XP level 13. HP: 70/70 MP: 13/13
 10463 | Lair:2   | Reached skill level 20 in Ranged Weapons
 10510 | Lair:3   | Noticed a catoblepas
 10512 | Lair:3   | Killed a catoblepas
 10601 | Lair:3   | Found a staircase to the Swamp.
 10709 | Lair:3   | Lost mutation: You possess an exceptional clarity of mind.
                  | [potion of mutation]
 10709 | Lair:3   | Lost mutation: You are covered in fur. (AC +1) [potion of
                  | mutation]
 10709 | Lair:3   | Gained mutation: You are vulnerable to cold. (rC-) [potion
                  | of mutation]
 10709 | Lair:3   | Gained mutation: Your body sometimes deteriorates upon
                  | taking damage. [potion of mutation]
 10709 | Lair:3   | Gained mutation: Your mind is acute. (Int +4, Str/Dex -1)
                  | [potion of mutation]
 10710 | Lair:3   | Lost mutation: Your body sometimes deteriorates upon taking
                  | damage. [potion of mutation]
 10710 | Lair:3   | Lost mutation: Your mind is acute. (Int +4, Str/Dex -1)
                  | [potion of mutation]
 10710 | Lair:3   | Lost mutation: You are vulnerable to cold. (rC-) [potion of
                  | mutation]
 10710 | Lair:3   | Gained mutation: Your flesh is cold resistant. (rC+)
                  | [potion of mutation]
 10711 | Lair:3   | Lost mutation: Your flesh is cold resistant. (rC+) [potion
                  | of mutation]
 10711 | Lair:3   | Gained mutation: You are clumsy. (Dex -2) [potion of
                  | mutation]
 10711 | Lair:3   | Gained mutation: You have an increased reservoir of magic.
                  | (+10% MP) [potion of mutation]
 10711 | Lair:3   | Lost mutation: You are clumsy. (Dex -2) [potion of
                  | mutation]
 10794 | Lair:3   | Reached **** piety under Hepliaklqana
 10979 | Lair:3   | Identified the +2 leather armour of Afuty {Fly Str+4}
 11218 | Lair:3   | Found a hole to the Spider Nest.
 11605 | Lair:4   | Noticed a four-headed hydra
 11608 | Lair:4   | Killed a four-headed hydra
 11782 | Lair:4   | Noticed a four-headed hydra
 11788 | Lair:4   | Killed a four-headed hydra
 11922 | Lair:4   | Identified the +1 long sword of Qisorgh {flame, rElec rPois
                  | rC++ Dex-4}
 12051 | Lair:4   | Reached skill level 1 in Invocations
 12067 | Lair:4   | Reached XP level 14. HP: 70/75 MP: 16/18
 12546 | Lair:5   | Entered Level 5 of the Lair of Beasts
 12644 | Lair:5   | Reached skill level 5 in Invocations
 13567 | Lair:5   | Found a staircase to the Slime Pits.
 14297 | D:10     | Entered Level 10 of the Dungeon
 14316 | D:10     | Reached ***** piety under Hepliaklqana
 14486 | D:10     | Found a staircase to the Orcish Mines.
 14584 | D:10     | Found Hygamuetihu's Changing Room.
 14617 | D:10     | Bought 2 potions of mutation for 176 gold pieces
 14617 | D:10     | Bought a potion of mutation for 88 gold pieces
 14617 | D:10     | Lost mutation: You have an increased reservoir of magic.
                  | (+10% MP) [potion of mutation]
 14617 | D:10     | Gained mutation: Potions are less effective at restoring
                  | your health. [potion of mutation]
 14617 | D:10     | Gained mutation: You sometimes lose your temper in combat.
                  | [potion of mutation]
 14617 | D:10     | Gained mutation: You have a pair of small horns on your
                  | head. [potion of mutation]
 14618 | D:10     | Lost mutation: Potions are less effective at restoring your
                  | health. [potion of mutation]
 14618 | D:10     | Lost mutation: You sometimes lose your temper in combat.
                  | [potion of mutation]
 14618 | D:10     | Gained mutation: You are partially covered in iridescent
                  | scales. (AC +2) [potion of mutation]
 14618 | D:10     | Gained mutation: You have a pair of horns on your head.
                  | [potion of mutation]
 14619 | D:10     | Lost mutation: You are partially covered in iridescent
                  | scales. (AC +2) [potion of mutation]
 14619 | D:10     | Lost mutation: You have a pair of horns on your head.
                  | [potion of mutation]
 14619 | D:10     | Lost mutation: You have a pair of small horns on your head.
                  | [potion of mutation]
 14619 | D:10     | Gained mutation: You occasionally shout uncontrollably at
                  | your foes. [potion of mutation]
 14619 | D:10     | Gained mutation: You have hidden genetic defects. [potion
                  | of mutation]
 14620 | D:10     | Lost mutation: You occasionally shout uncontrollably at
                  | your foes. [potion of mutation]
 14620 | D:10     | Lost mutation: You have hidden genetic defects. [potion of
                  | mutation]
 14620 | D:10     | Gained mutation: Your movements are slightly less
                  | encumbered by armour. (ER -2) [potion of mutation]
 14620 | D:10     | Gained mutation: You are somewhat resistant to further
                  | mutation. [potion of mutation]
 14922 | Orc:1    | Entered Level 1 of the Orcish Mines
 15013 | Orc:2    | Entered Level 2 of the Orcish Mines
 15065 | Orc:2    | Reached XP level 15. HP: 49/79 MP: 21/21
 15068 | Orc:2    | Reached skill level 1 in Armour
 15136 | Orc:2    | Found a staircase to the Elven Halls.
 15542 | Orc:2    | Found Kuleumaa's Weapon Emporium.
 15542 | Orc:2    | Found Dunk's Jewellery Boutique.
 15542 | Orc:2    | Found Omoj's General Store.
 15543 | Orc:2    | Found Digem's Book Shoppe.
 15550 | Orc:2    | Bought a scroll of acquirement for 832 gold pieces
 15560 | Orc:2    | Bought a +2 cloak of willpower for 344 gold pieces
 15571 | Orc:2    | Acquired the amulet "Bemin" {Reflect Will+ Slay-2 SH+5
                  | Stlth+}
 15660 | Orc:2    | Found Oneudues's Weapon Shoppe.
 15775 | D:11     | Noticed Psyche
 15781 | D:11     | Killed Psyche
 15781 | D:11     | Noticed Fannar
 15788 | D:11     | Killed Fannar
 15855 | D:11     | Found a gate leading to a gauntlet.
 15861 | Gauntlet | Entered a Gauntlet
 15861 | Gauntlet | Found a transporter.
 15874 | Gauntlet | Found a transporter.
 15886 | Gauntlet | Found a transporter.
 15899 | Gauntlet | Found a transporter.
 15912 | Gauntlet | Found a transporter.
 15929 | Gauntlet | Found a transporter.
 16001 | Gauntlet | Found a transporter.
 16036 | Gauntlet | Found a transporter.
 16052 | Gauntlet | Found a transporter.
 16059 | Gauntlet | Found a transporter.
 16071 | Gauntlet | Found a transporter.
 16077 | Gauntlet | Reached skill level 5 in Armour
 16213 | Gauntlet | Found a transporter.
 16222 | Gauntlet | Found a transporter.
 16232 | Gauntlet | Found a transporter.
 16289 | Gauntlet | Identified the amulet "Joqozi" {Faith Fly Str+4 Dex+3}
 16541 | D:11     | Noticed Erolcha
 16545 | D:11     | Killed Erolcha
 16711 | D:11     | Noticed Grum
 16712 | D:11     | Killed Grum
 16771 | D:11     | You fall into a shaft and drop 1 floor!
 16772 | D:12     | Found an ornate altar of the Wu Jian Council.
 17279 | D:12     | Noticed Snorg
 17284 | D:12     | Killed Snorg
 17362 | D:12     | Noticed Maurice
 17369 | D:12     | Reached skill level 10 in Stealth
 17369 | D:12     | Killed Maurice
 17502 | D:12     | Noticed Sonja
 17503 | D:12     | Killed Sonja
 17988 | D:12     | Reached ****** piety under Hepliaklqana
 18056 | D:12     | Noticed Azrael
 18061 | D:12     | Killed Azrael
 18062 | D:12     | Reached XP level 16. HP: 67/83 MP: 22/22
 20238 | D:14     | Found a gate to the Vaults.
 20416 | D:15     | Entered Level 15 of the Dungeon
 20456 | D:15     | Found a staircase to the Depths.
 20460 | D:15     | Reached skill level 10 in Fighting
 21345 | Elf:1    | Entered Level 1 of the Elven Halls
 21519 | Elf:1    | Reached XP level 17. HP: 93/97 MP: 23/23
 21650 | Elf:1    | Noticed Kirke
 21670 | Elf:1    | Killed Kirke
 22002 | Elf:1    | Reached skill level 21 in Ranged Weapons
 22599 | Elf:2    | Paralysed by an air elemental for 1 turns
 22621 | Elf:2    | Found Boyno's Tremendous Tomes.
 22783 | Elf:2    | Reached skill level 22 in Ranged Weapons
 23175 | Elf:2    | Found a runed translucent gate.
 23175 | Elf:2    | Found a runed translucent gate.
 23175 | Elf:2    | Found a runed translucent gate.
 23255 | Elf:2    | Reached XP level 18. HP: 104/104 MP: 24/24
 23256 | Elf:2    | Reached skill level 23 in Ranged Weapons
 23386 | Elf:2    | Noticed a deep elf blademaster
 23397 | Elf:2    | Killed from afar by a deep elf knight

Illustrated notes

Levels and vault maps discovered:
D:1:      psy_arrival_conway, layout_rooms, serial_shops,
          nicolae_shop_window_shopping, minivault_4, minmay_octomino_e4
D:2:      minmay_general_purpose_star, layout_rooms
D:3:      layout_basic, cheibrodos_ashenzari_chains, amcnicky_altar_gilded,
          mainiacjoe_overflow_small_starburst, st_stairs_11
D:4:      layout_loops_cross, mainiacjoe_overflow_cross_hatched,
          general_overflow_altar, tgw_xom, portal_sewer_entry_e,
          nicolae_figureground_pulse, uniq_eustachio
D:5:      layout_rooms, temple_hall, gammafunk_ghost_arena,
          uniq_crazy_yiuf_cottage
D:6:      layout_basic, mainiacjoe_overflow_chevrons, marbit_many_paths
D:7:      layout_loops_ring, lemuel_zombie_altar_kikubaaqudgha,
          nemelex_spade_bored_becter
D:8:      layout_loops_ring, mainiacjoe_overflow_catwalk,
          mainiacjoe_overflow_catch_the_wave, uniq_pikel, uniq_erica,
          uniq_prince_ribbit1
D:9:      layout_rooms, old_standard_altar, lair_entry_dummy, serial_ice,
          serial_ice_i, serial_ice_g, serial_ice_b, serial_ice_n, serial_ice_a,
          serial_ice_e, serial_ice_h, serial_ice_o, kennysheep_crisscross,
          ldierk_geyser
D:10:     layout_rooms, minmay_curled_crystal, minmay_misc_feat_doors,
          nicolae_transmutations_shop
D:11:     regret_index_combs_of_tragedy, layout_long_grid,
          gauntlet_entry_generic, uniq_psyche, uniq_erolcha, uniq_fannar,
          uniq_grum
D:12:     layout_stronghold, hangedman_abyss_or_decor_stagger,
          grunt_decor_resistance, nzn_wu_jian_contemplation, uniq_sonja,
          uniq_azrael, uniq_maurice, uniq_snorg
D:13:     minmay_isolated_rectangles_in_corner, layout_loops_ring
D:14:     layout_basic, grunt_vaults_entry_tiered
D:15:     grunt_enter_depths_snipers, layout_gridville,
          chequers_serial_rivers_micro_e
Temple:   nicolae_temple_ecumenical_triangle
Lair:1:   layout_hall_layers, uniq_urug
Lair:2:   nzn_winding_woodlands_stair_trap
          [nzn_winding_woodlands_5x15_pathside_ponds,
          nzn_winding_woodlands_5x15_sidewinder,
          nzn_winding_woodlands_5x15_lazy_stream,
          nzn_winding_woodlands_15x15_eel_pit,
          nzn_winding_woodlands_5x15_longhouse,
          nzn_winding_woodlands_5x15_zeroes,
          nzn_winding_woodlands_5x15_crooked], layout_regular_city,
          serial_bayou_ford_a, kennysheep_abandoned_house
Lair:3:   layout_loops_ring, swamp_mist, nicolae_spider_entry_orb_guardian,
          patterned_corridor
Lair:4:   layout_cave_pods, beast_lair_carwin_2, serial_bayou_shore_b,
          grunt_megastairs_2, infiniplex_staircase_pool_2
Lair:5:   wormcave, layout_layer_cave, hangedman_lair_tendril_chambers,
          slime_entry_1, nicolae_quartered_pool_impasse
Orc:1:    layout_caves, nicolae_orc_pool_cavern
Orc:2:    st_orc_rangers, layout_diamond_mine, serial_shops,
          nicolae_shop_bloodbath_and_beyond
Elf:1:    eino_elf_arrival_customs, layout_loops_cross, hangedman_elf_disciples,
          nicolae_elf_glassroom_feature, uniq_kirke
Elf:2:    nicolae_elf_blades_splatter_lattice [nicolae_blade_tridents],
          layout_geoelf_diagonals, nicolae_shop_i_like_big_books

Skill      XL: |  1  2  3  4  5  6  7  8  9 10 11 12 13 14 15 16 17 18 |
---------------+-------------------------------------------------------+-----
Fighting       | 3 4 5 7 8 12 14 | 14.0
Ranged Weapons | 7 8 10 12 14 16 19 20 22 23 | 23.4
Dodging        | 4 6 9 10 14 | 14.0
Stealth        | 8 11 14 | 14.0
Evocations     | 8 10 14 | 14.0
Invocations    | 3 8 |  8.0
Armour         | 8 |  8.0

Action                     |  1- 3 |  4- 6 |  7- 9 | 10-12 | 13-15 | 16-18 || total
---------------------------+-------+-------+-------+-------+-------+-------++-------
  Melee: Shortbow          |       |       |    15 |       |       |       ||    15
         Triple crossbow   |       |       |       |       |     1 |       ||     1
   Fire: Shortbow          |    88 |   138 |   290 |       |       |       ||   516
         Triple crossbow   |       |       |    10 |   214 |   658 |   408 ||  1290
 Invoke: Ancestor Life: Kn |       |       |       |     1 |       |       ||     1
         Recall Ancestor   |       |       |       |     1 |     2 |       ||     3
         Transference      |       |       |       |       |     1 |       ||     1
    Use: Scroll            |     3 |     8 |     4 |     5 |    12 |     1 ||    33
         Potion            |       |     2 |     1 |     2 |    10 |       ||    15
 Armour: Leather armour    |    11 |    13 |    44 |     2 |       |       ||    70
         Troll leather arm |       |       |       |     6 |    68 |    11 ||    85
  Dodge: Dodged            |    62 |    62 |   209 |    84 |   604 |   174 ||  1195
  Block: Other             |       |       |       |       |    14 |    26 ||    40
         Reflection        |       |       |       |       |     1 |     5 ||     6

Table legend: (Time is in decaauts)
 A = Elapsed time spent in this place.
 B = Non-inter-level travel time spent in this place.
 C = Inter-level travel time spent in this place.
 D = Time resting spent in this place.
 E = Time spent auto-exploring this place.
 F = Levels seen in this place.
 G = Mean time per level.
                   A        B        C        D        E       F      G
               +--------+--------+--------+--------+--------+-----+--------+
         Total |  23916 |  22540 |   1376 |   1548 |  17145 |  27 |  885.8 |
       Dungeon |  13861 |  12917 |    944 |    596 |  10310 |  15 |  924.1 |
        Temple |     48 |     43 |      5 |      0 |     34 |   1 |   48.0 |
          Lair |   6209 |   5875 |    334 |    478 |   4501 |   5 | 1241.8 |
  Orcish Mines |    888 |    825 |     63 |     80 |    528 |   2 |  444.0 |
   Elven Halls |   2113 |   2084 |     29 |    261 |   1407 |   2 | 1056.5 |
         Sewer |    310 |    310 |      0 |      0 |    230 |   1 |  310.0 |
      Gauntlet |    483 |    483 |      0 |    133 |    135 |   1 |  483.0 |
               +--------+--------+--------+--------+--------+-----+--------+

Top non-repeatable levels by time:
  Lair:5: 1688 daAuts
  Lair:2: 1598 daAuts
    D:12: 1433 daAuts
  Lair:4: 1178 daAuts
   Elf:1: 1176 daAuts
     D:3: 1172 daAuts
     D:4: 1084 daAuts
    D:14: 1082 daAuts
  Lair:3: 993 daAuts
     D:8: 990 daAuts
     D:6: 960 daAuts
    D:11: 958 daAuts
   Elf:2: 936 daAuts
    D:13: 926 daAuts
     D:1: 848 daAuts
